 Dungeon Crawl Stone Soup version 0.25-a0-547-g27a0b5d (webtiles) character file.

Game seed: 4979101420526012300, levelgen mode: deterministic

7872 Dantiko the Blocker (level 11, -1/89 HPs)
             Began as a Gnoll Fighter on Feb 22, 2020.
             Was a Believer of Zin.
             Killed from afar by a starcursed mass (illusionary) (7 damage)
             ... with an accursed screaming
             ... on level 1 of the Abyss.
             The game lasted 00:40:42 (11203 turns).

Dantiko the Blocker (Gnoll Fighter)                Turns: 11203, Time: 00:40:42

Health: -1/89      AC: 15    Str: 24    XL:     11   Next: 22%
Magic:  20/20      EV:  9    Int: 13    God:    Zin [**....]
Gold:   315        SH: 12    Dex: 16    Spells: 22/22 levels left

rFire    . . .     SeeInvis .   s - +6 eveningstar (protect)
rCold    + . .     Gourm    .   c - +0 kite shield
rNeg     . . .     Faith    .   e - +0 plate armour
rPois    ∞         Spirit   .   K - +1 hat
rElec    .         Reflect  .   E - +0 cloak
rCorr    .         Harm     .   w - +1 pair of gloves
MR       +....     Rnd*Rage +   p - +0 pair of boots Stlth ..........Rnd*Tele +
                                (no amulet)
HPRegen  0.24/turn              q - ring of protection from magic
MPRegen  0.17/turn              u - ring of protection from cold

@: vitalised, very slightly contaminated
A: distributed training, fangs 1, berserk 1, [deformed body], [screaming 2],
[teleportitis 2], strong nose
a: Recite, Vitalisation, Donate Gold, Renounce Religion


You were on level 1 of the Abyss.
You worshipped Zin.
Zin was pleased with you.
You were not hungry.

You visited 2 branches of the dungeon, and saw 11 of its levels.
You visited the Abyss 2 times.

You collected 350 gold pieces.
You donated 35 gold pieces to Zin.

Inventory:

Hand Weapons
 a - a +4 scimitar of freezing
 b - a +2 dagger of venom
 s - a +6 eveningstar of protection (weapon)
Missiles
 i - 345 stones (quivered)
 j - 127 sling bullets
 n - 111 bolts
Armour
 c - a +0 kite shield (worn)
 e - a +0 plate armour (worn)
 p - a +0 pair of boots (worn)
 w - a +1 pair of gloves (worn)
 E - a +0 cloak (worn)
 K - a +1 hat (worn)
Jewellery
 q - a ring of protection from magic (left hand)
 t - an uncursed ring of wizardry
 u - a ring of protection from cold (right hand)
 F - an uncursed ring of flight
Wands
 h - a wand of acid (5)
 J - a wand of flame (15)
Scrolls
 g - a scroll of brand weapon
 k - a scroll of remove curse
 l - a scroll of enchant weapon
 r - a scroll of fear {unknown}
 x - a scroll of fog {unknown}
 y - 3 scrolls of enchant armour
 D - a scroll of immolation {unknown}
 H - 2 scrolls of amnesia
Potions
 d - 2 potions of might
 m - a potion of flight
 v - a potion of ambrosia
 A - 3 potions of magic
 B - 3 potions of stabbing
 I - a potion of berserk rage
Comestibles
 f - 9 rations


   Skills:
 + Level 9.0 Fighting
 + Level 6.0 Short Blades
 + Level 7.6 Long Blades
 + Level 6.0 Axes
 + Level 6.0 Maces & Flails
 + Level 6.0 Polearms
 + Level 6.0 Staves
 + Level 6.0 Slings
 + Level 6.0 Bows
 + Level 6.0 Crossbows
 + Level 6.0 Throwing
 + Level 9.0 Armour
 + Level 6.0 Dodging
 + Level 6.0 Stealth
 + Level 9.0 Shields
 + Level 6.0 Unarmed Combat
 + Level 6.0 Spellcasting
 + Level 4.9 Conjurations
 + Level 4.9 Hexes
 + Level 4.9 Charms
 + Level 4.9 Summonings
 + Level 4.9 Necromancy
 + Level 4.9 Translocations
 + Level 4.9 Transmutations
 + Level 4.9 Fire Magic
 + Level 4.9 Ice Magic
 + Level 4.9 Air Magic
 + Level 4.9 Earth Magic
 + Level 4.9 Poison Magic
 + Level 6.5 Invocations
 + Level 6.0 Evocations


You had 22 spell levels left.
You didn't know any spells.
Your spell library contained the following spells:

 Spells                   Type           Power        Failure   Level  Hunger
 Foxfire                  Conj/Fire      ###.         50%         1    None
 Summon Small Mammal      Summ           ###.         50%         1    None
 Call Imp                 Summ           ###.....     65%         2    ##.....
 Call Canine Familiar     Summ           ###.....     86%         3    ###....
 Conjure Flame            Conj/Fire      ###.....     86%         3    ###....
 Inner Flame              Hex/Fire       ###.....     86%         3    ###....
 Summon Guardian Golem    Hex/Summ       ###.....     86%         3    ###....
 Sticky Flame             Conj/Fire      ###.....     99%         4    ####...
 Summon Ice Beast         Ice/Summ       ###.....     99%         4    ####...
 Summon Lightning Spire   Summ/Air       ###.....     99%         4    ####...
 Fireball                 Conj/Fire      ###.......   100%        5    ######.
 Summon Demon             Summ           ###.......   100%        5    ######.
 Death Channel            Necr           ###.......   100%        6    #######


Dungeon Overview and Level Annotations

Branches:
Dungeon (10/15)            Temple (1/1) D:7
   Lair: D:8-11         Orc: D:9-12

Altars:
Ashenzari
Cheibriados
Dithmenos
Elyvilon
Fedhas
Gozag
Hepliaklqana
Kikubaaqudgha
Makhleb
Nemelex Xobeh
Okawaru
Qazlal
Ru
Sif Muna
Trog
Uskayaw
Vehumet
Wu Jian
Xom
Yredelemnul
Zin
The Shining One

Shops:
D:5 =

Annotations:
D:10 Sonja


Innate Abilities, Weirdness & Mutations

Your experience applies equally to all skills.
You have very sharp teeth.
Your uncanny sense of smell can sniff out nearby items.
You tend to lose your temper in combat.
[Armour fits poorly on your strangely shaped body.]
[You sometimes yell uncontrollably at your foes.]
[You are sometimes teleported next to monsters.]


Message History

The starcursed mass shimmers and seems to become two!
Found a scroll of brand weapon, 21 arrows and a ration.
Found a shattered altar of Ashenzari.
Okay, then.
Found 30 gold pieces.
g - a scroll of brand weapon
There are no items here.
Found a scroll labeled BERUCS XUYTZ.
Found 13 stones.
A chorus of shrieks assaults your mind.
* * * LOW HITPOINT WARNING * * *
Okay, then.
Okay, then.
The wretched star pulses with an eldritch light!
You feel weirdly uncertain.
You feel even more weirdly uncertain.
Your body twists and deforms.
The wretched star pulses with an eldritch light!
Zin protects your body from mutation!
The starcursed mass shrieks in your mind.
You die...

.##...###.
X###...##
....(............X.
........
....*...... #.....
##.X....##.
###...###...# #. #
..###...# #.. ##
##. ##x## # # # #.
##...## . # ..
#.@...# #. #
##..##..# #.#.#.##
...## . ∆.... #
####. #


You could see a starcursed mass, a wretched star and a small abomination.

Vanquished Creatures
  Gastronok (D:8)
  2 two-headed ogres
  Urug (D:10)
  Pikel (D:5)
  A raiju (Abyss:1)
  A hippogriff (D:7)
  A hungry ghost (D:9)
  Edmund (D:6)
  A sky beast (D:8)
  2 orc warriors
  3 slaves
  A necrophage (D:8)
  5 ogres
  4 centaurs
  A big kobold (D:7)
  Blork the orc (D:6)
  A gnoll sergeant (D:6)
  3 bullfrogs (D:7)
  A scorpion (D:5)
  4 killer bees
  3 wights (D:6)
  3 crimson imps
  A centaur zombie (D:6)
  2 gnoll shamans
  A bullfrog zombie (D:7)
  6 hounds
  4 orc priests
  A jelly (D:7)
  Crazy Yiuf (D:5)
  10 orc wizards
  Jessica (D:3)
  2 iguanas
  3 worker ants
  A killer bee zombie (D:8)
  A hound skeleton (D:8)
  A worker ant zombie (D:9)
  26 gnolls
  10 adders
  An ufetubus (Abyss:1)
  An ooze (D:4)
  3 adder skeletons
  4 worms
  4 dart slugs
  4 leopard geckos
  32 orcs
  4 giant cockroaches
  10 goblins
  10 hobgoblins
  6 jackals
  8 quokkas
  A ball python (D:4)
  8 bats
  4 frilled lizards
  9 kobolds
  A quokka zombie (D:9)
  4 rats
227 creatures vanquished.

Vanquished Creatures (others)
  A lurking horror (Abyss:1)
1 creature vanquished.

Grand Total: 228 creatures vanquished

Notes
Turn   | Place    | Note
-------+----------+-------------------------------------------
     0 | D:1      | Dantiko the Gnoll Fighter began the quest for the Orb.
     0 | D:1      | Reached XP level 1. HP: 23/23 MP: 1/1
   262 | D:1      | Reached XP level 2. HP: 27/29 MP: 2/2
   880 | D:2      | Found a shadowy altar of Dithmenos.
   981 | D:2      | Reached XP level 3. HP: 33/35 MP: 3/3
  1300 | D:3      | Reached skill level 1 in Invocations
  1380 | D:3      | Reached skill level 1 in Short Blades
  1380 | D:3      | Reached skill level 1 in Axes
  1380 | D:3      | Reached skill level 1 in Maces & Flails
  1380 | D:3      | Reached skill level 1 in Polearms
  1380 | D:3      | Reached skill level 1 in Staves
  1380 | D:3      | Reached skill level 1 in Slings
  1380 | D:3      | Reached skill level 1 in Bows
  1380 | D:3      | Reached skill level 1 in Crossbows
  1380 | D:3      | Reached skill level 1 in Throwing
  1380 | D:3      | Reached skill level 1 in Dodging
  1380 | D:3      | Reached skill level 1 in Stealth
  1380 | D:3      | Reached skill level 1 in Unarmed Combat
  1380 | D:3      | Reached skill level 1 in Spellcasting
  1380 | D:3      | Reached skill level 1 in Evocations
  1380 | D:3      | Reached XP level 4. HP: 25/41 MP: 5/5
  1520 | D:3      | Reached skill level 1 in Conjurations
  1520 | D:3      | Reached skill level 1 in Hexes
  1520 | D:3      | Reached skill level 1 in Charms
  1520 | D:3      | Reached skill level 1 in Summonings
  1520 | D:3      | Reached skill level 1 in Necromancy
  1520 | D:3      | Reached skill level 1 in Translocations
  1520 | D:3      | Reached skill level 1 in Transmutations
  1520 | D:3      | Reached skill level 1 in Fire Magic
  1520 | D:3      | Reached skill level 1 in Ice Magic
  1520 | D:3      | Reached skill level 1 in Air Magic
  1520 | D:3      | Reached skill level 1 in Earth Magic
  1520 | D:3      | Reached skill level 1 in Poison Magic
  1685 | D:3      | Reached XP level 5. HP: 42/47 MP: 6/6
  2649 | D:3      | Reached XP level 6. HP: 41/53 MP: 8/8
  2662 | D:3      | Noticed Jessica
  2679 | D:3      | Killed Jessica
  2794 | D:4      | Reached skill level 5 in Long Blades
  3191 | D:4      | Reached XP level 7. HP: 47/59 MP: 10/10
  3490 | D:4      | Found a white marble altar of Elyvilon.
  3685 | D:4      | Became a worshipper of Elyvilon the Healer
  3741 | D:5      | Entered Level 5 of the Dungeon
  3785 | D:5      | Found a runed translucent door.
  3786 | D:5      | Noticed Crazy Yiuf
  3874 | D:5      | Noticed a moth of wrath
  3876 | D:5      | Found a bloodstained altar of Trog.
  4120 | D:5      | Found a glowing golden altar of the Shining One.
  4137 | D:5      | Found Kiosuwie's Jewellery Emporium.
  4166 | D:5      | Reached * piety under Elyvilon
  4227 | D:5      | Found a blossoming altar of Fedhas.
  4287 | D:5      | Noticed Pikel
  4474 | D:5      | Killed Pikel
  4474 | D:5      | Reached XP level 8. HP: 63/67 MP: 10/12
  4807 | D:5      | Killed Crazy Yiuf
  4891 | D:6      | Noticed Blork the orc
  4926 | D:6      | Killed Blork the orc
  5117 | D:6      | Noticed Edmund
  5143 | D:6      | Killed Edmund
  5246 | D:6      | Reached XP level 9. HP: 72/72 MP: 14/14
  5802 | D:7      | Reached ** piety under Elyvilon
  5880 | D:7      | Identified the Reference Book on Dark Rituals and Summoning
  5999 | D:7      | Found a staircase to the Ecumenical Temple.
  6040 | Temple   | Entered the Ecumenical Temple
  6078 | Temple   | Fell from the grace of Elyvilon
  6078 | Temple   | Became a worshipper of Zin the Law-Giver
  6078 | Temple   | Reached * piety under Zin
  6078 | Temple   | Reached ** piety under Zin
  7113 | D:7      | Reached skill level 5 in Invocations
  7633 | D:8      | Noticed Gastronok
  7665 | D:8      | Reached XP level 10. HP: 39/80 MP: 15/17
  8674 | D:8      | Killed Gastronok
  8674 | D:8      | Reached skill level 5 in Short Blades
  8674 | D:8      | Reached skill level 5 in Axes
  8674 | D:8      | Reached skill level 5 in Maces & Flails
  8674 | D:8      | Reached skill level 5 in Polearms
  8674 | D:8      | Reached skill level 5 in Staves
  8674 | D:8      | Reached skill level 5 in Slings
  8674 | D:8      | Reached skill level 5 in Bows
  8674 | D:8      | Reached skill level 5 in Crossbows
  8674 | D:8      | Reached skill level 5 in Throwing
  8674 | D:8      | Reached skill level 5 in Dodging
  8674 | D:8      | Reached skill level 5 in Stealth
  8674 | D:8      | Reached skill level 5 in Unarmed Combat
  8674 | D:8      | Reached skill level 5 in Spellcasting
  8674 | D:8      | Reached skill level 5 in Evocations
  9016 | D:8      | Noticed a two-headed ogre
  9027 | D:8      | Killed a two-headed ogre
  9096 | D:8      | Found a radiant altar of Vehumet.
  9098 | D:8      | Found a burning altar of Makhleb.
  9341 | D:9      | Noticed a two-headed ogre
  9351 | D:9      | Killed a two-headed ogre
  9351 | D:9      | Reached XP level 11. HP: 35/86 MP: 19/19
  9986 | D:9      | Found an opulent altar of Gozag.
 10157 | D:9      | Found an ancient bone altar of Kikubaaqudgha.
 10189 | D:10     | Entered Level 10 of the Dungeon
 10256 | D:10     | Noticed Sonja
 10261 | D:10     | Noticed Urug
 10261 | D:10     | Cast into level 1 of the Abyss (Sonja)
 10290 | Abyss:1  | Found a corrupted altar of Lugonu.
 10380 | Abyss:1  | Noticed a wretched star
 10591 | Abyss:2  | Found a sparkling altar of Nemelex Xobeh.
 10648 | Abyss:2  | Noticed a rakshasa
 10653 | Abyss:2  | Noticed an eidolon
 10663 | Abyss:2  | Noticed a yellow draconian
 10715 | Abyss:2  | Noticed a starcursed mass
 10733 | D:10     | Escaped the Abyss
 10944 | D:10     | Killed Urug
 11165 | D:10     | Cast into level 1 of the Abyss (Sonja)
 11166 | Abyss:1  | Noticed a starcursed mass
 11173 | Abyss:1  | Noticed a bone dragon
 11184 | Abyss:1  | Noticed a rakshasa
 11185 | Abyss:1  | Paralysed by accursed screaming for 1 turns
 11185 | Abyss:1  | Gained mutation: You tend to lose your temper in combat. [a
                  | neqoxec]
 11186 | Abyss:1  | Found a shattered altar of Ashenzari.
 11203 | Abyss:1  | Killed from afar by a starcursed mass (illusionary)

Levels and vault maps discovered:
D:1:      minmay_arrival_radiant_lines, layout_loops_ring
D:2:      layout_basic, lemuel_doored_altar
D:3:      layout_loops_ring, first_ration, minmay_goblin_outpost, uniq_jessica
D:4:      layout_gridville, marbit_many_paths, serial_park_tiny_2
D:5:      layout_basic, tso_metal_star, tgw_trog, overflow_temple_1_default,
          serial_shops, nicolae_shop_statue_plus, uniq_pikel,
          uniq_crazy_yiuf_cottage
D:6:      layout_rooms, uniq_edmund, uniq_blork_the_orc
D:7:      layout_rooms, minmay_temple_entry_tees, nicolae_ossuary_entry_monument
D:8:      wander_river, layout_rooms,
          grunt_temple_overflow_lords_of_destruction, uniq_gastronok
D:9:      layout_loops_ring, nicolae_overflow_hidden_temple,
          grunt_gozag_breadcrumbs
D:10:     layout_basic, lair_entry_dummy, david_orc_4,
          ploomutoo_gammafunk_ghost_potion_laboratory, nooodl_food_tri,
          uniq_sonja, uniq_urug
Temple:   oiseaux_autumnal_temple
Abyss:1:  base: D:15, due_exit_kobolds, abyss_exit_lava, base:
D:9

Skill      XL: |  1  2  3  4  5  6  7  8  9 10 11 |
---------------+----------------------------------+-----
Invocations    | 1 2 3 4 5 6 |  6.5
Short Blades   | 1 2 3 4 5 6 |  6.0
Axes           | 1 2 3 4 5 6 |  6.0
Maces & Flails | 1 2 3 4 5 6 |  6.0
Polearms       | 1 2 3 4 5 6 |  6.0
Staves         | 1 2 3 4 5 6 |  6.0
Slings         | 1 2 3 4 5 6 |  6.0
Bows           | 1 2 3 4 5 6 |  6.0
Crossbows      | 1 2 3 4 5 6 |  6.0
Throwing       | 1 2 3 4 5 6 |  6.0
Dodging        | 1 2 3 4 5 6 |  6.0
Stealth        | 1 2 3 4 5 6 |  6.0
Unarmed Combat | 1 2 3 4 5 6 |  6.0
Spellcasting   | 1 2 3 4 5 6 |  6.0
Evocations     | 1 2 3 4 5 6 |  6.0
Conjurations   | 1 2 3 4 |  4.9
Hexes          | 1 2 3 4 |  4.9
Charms         | 1 2 3 4 |  4.9
Summonings     | 1 2 3 4 |  4.9
Necromancy     | 1 2 3 4 |  4.9
Translocations | 1 2 3 4 |  4.9
Transmutations | 1 2 3 4 |  4.9
Fire Magic     | 1 2 3 4 |  4.9
Ice Magic      | 1 2 3 4 |  4.9
Air Magic      | 1 2 3 4 |  4.9
Earth Magic    | 1 2 3 4 |  4.9
Poison Magic   | 1 2 3 4 |  4.9
Long Blades    | 5 6 7 |  7.6
Fighting       | 7 8 9 |  9.0
Armour         | 7 8 9 |  9.0
Shields        | 7 8 9 |  9.0

Action                   |  1- 3 |  4- 6 |  7- 9 | 10-12 || total
-------------------------+-------+-------+-------+-------++-------
Melee: Long sword        |    15 |       |       |       ||    15
       Short sword       |   114 |   257 |   486 |    24 ||   881
       Bite              |    15 |    30 |   120 |    37 ||   202
       Dagger            |       |       |   281 |    48 ||   329
       Scimitar          |       |       |       |    94 ||    94
       Eveningstar       |       |       |       |     8 ||     8
 Fire: Hunting sling     |       |     1 |       |       ||     1
Throw: Stone             |       |       |       |     1 ||     1
       Throwing net      |       |       |       |     1 ||     1
Invok: Lesser Healing    |       |       |     3 |       ||     3
       Recite            |       |       |     3 |     3 ||     6
       Vitalisation      |       |       |     1 |     2 ||     3
Evoke: Wand              |       |     1 |     1 |     5 ||     7
  Use: Scroll            |       |       |     8 |    14 ||    22
       Potion            |       |       |       |     6 ||     6
 Stab: Held in net/web   |       |       |       |     2 ||     2
  Eat: Chunk             |     2 |     6 |    12 |     1 ||    21
       Ration            |       |       |     1 |     4 ||     5
Armor: Plate armour      |    68 |   158 |   405 |    81 ||   712
Dodge: Dodged            |    14 |    36 |   157 |    40 ||   247
Block: Kite shield       |    76 |   152 |   462 |    91 ||   781
       Rpst.: Long sword |     1 |       |       |       ||     1
       Scimitar          |       |       |       |     6 ||     6

Table legend:
 A = Non-vault XP
 B = Vault XP
 C = Vault XP percentage of total XP
 D = Non-vault monster count
 E = Vault monster count
 F = Vault count percentage of total count
                 A         B        C        D         E       F
            +---------+---------+-------+---------+---------+-------
      Total |    7152 |    4095 |  36.4 |     205 |      19 |   8.5
            +---------+---------+-------+---------+---------+-------
        D:1 |      20 |       0 |   0.0 |      13 |       0 |   0.0
        D:2 |      16 |       0 |   0.0 |       9 |       0 |   0.0
        D:3 |     255 |      47 |  15.6 |      38 |       6 |  13.6
        D:4 |     417 |       7 |   1.7 |      34 |       1 |   2.9
        D:5 |     128 |     720 |  84.9 |       3 |       7 |  70.0
        D:6 |    1268 |     255 |  16.7 |      43 |       2 |   4.4
        D:7 |    1592 |       0 |   0.0 |      33 |       0 |   0.0
        D:8 |    1667 |    2207 |  57.0 |      17 |       2 |  10.5
        D:9 |    1447 |       0 |   0.0 |      11 |       0 |   0.0
       D:10 |      72 |     859 |  92.3 |       2 |       1 |  33.3
    Abyss:1 |     270 |       0 |   0.0 |       2 |       0 |   0.0
            +---------+---------+-------+---------+---------+-------
